 Dungeon Crawl Stone Soup version 0.30.1-9-gdf580d7c3d (webtiles) character file.

Game seed: 11285400716917517394

34 bearlyready the Ruffian (level 3, -5/37 HPs)
             Began as a Troll Berserker on Oct 11, 2023.
             Was a Believer of Trog.
             Slain by Sigmund
             ... wielding a +2 scythe of protection
              (10 damage)
             ... on level 2 of the Dungeon.
             The game lasted 00:00:48 (533 turns).

bearlyready the Ruffian (Troll Berserker)            Turns: 533, Time: 00:00:48

Health: -5/37      AC:  4    Str: 27    XL:     3   Next: 14%
Magic:  2/2        EV: 10    Int:  3    God:    Trog [**....]
Gold:   47         SH:  0    Dex:  9    Spells: 2/2 levels left

rFire   . .          .
                       - Unarmed
rCold   . . .        (no shield)
rNeg    . . .        a - +0 animal skin
rPois   .            (helmet restricted)
rElec   .            (no cloak)
rCorr   .            (gloves unavailable)
SInv    .            (boots unavailable)
Will    .....        (no amulet)
Stlth   +            (no ring)
HPRegen 1.06/turn    (no ring)
MPRegen 0.08/turn

%: no passive effects
@: no status effects
A: large, unfitting armour, claws 3, regeneration 1, shaggy fur 1, tough skin 1
a: Renounce Religion, Berserk, Trog's Hand


You were on level 2 of the Dungeon.
You worshipped Trog.
Trog was pleased with you.
You visited 1 branch of the dungeon, and saw 2 of its levels.

You collected 47 gold pieces.

Inventory:

Armour
 a - a +0 animal skin (worn)
Scrolls
 d - a scroll of fear {unknown}
 f - a scroll of identify {unknown}
 g - a scroll of fog {unknown}
 h - a scroll of teleportation {unknown}
 l - a scroll of enchant weapon {unknown}
Potions
 b - a potion of might {unknown}
 c - 2 potions of lignification {unknown}
 e - a potion of mutation {unknown}
 i - a potion of flight {unknown}
 j - 2 potions of curing {unknown}
 k - a potion of resistance {unknown}


   Skills:
 + Level 3.0 Fighting
 - Level 2.4 Dodging
 + Level 3.7 Unarmed Combat


You had 2 spell levels left.
You didn't know any spells.
Your spell library was empty.

Dungeon Overview and Level Annotations

Branches:
Dungeon (2/15)

Altars:

Annotations:
D:2 Sigmund


Innate Abilities, Weirdness & Mutations

You are too large for most types of armour.
You have claws for hands.
Your natural rate of healing is unusually fast.
You are covered in fur. (AC +1)
You have tough skin. (AC +1)


Message History

You scratch the bat.
The bat is heavily wounded.
The bat closely misses you. The bat closely misses you.
You scratch the bat.
The bat is severely wounded.
The bat hits you but does no damage. The bat barely misses you.
You closely miss the bat.
The bat is heavily wounded.
The bat closely misses you.
You scratch the bat.
You kill the bat!
Trog accepts your kill.
You open the door.
There is an open door here.
Sigmund the Dreaded comes into view.
He is wielding a +2 scythe of protection.
Sigmund shouts!
Sigmund gestures wildly while chanting.
Sigmund flickers and vanishes!
Deactivating autopickup; reactivate with Ctrl-A.
There is a strange disturbance nearby!
No target in view!
A magic dart appears from out of thin air!
The magic dart hits you. Something hits you! Something hits you!
You closely miss something.
You hear some strange, mumbled words.
A magic dart appears from out of thin air!
The magic dart hits you!
You claw something! Something hits you.
* * * LOW HITPOINT WARNING * * *
You completely miss something. You claw something!
You hear some strange, mumbled words.
A magic dart appears from out of thin air!
The magic dart hits you.
* * * LOW HITPOINT WARNING * * *
You closely miss something. Something hits you!
You die...

.# ###########.#
#...@.....#.#
#.###{.##.#.# #.
#...........####
...#########......##
#..................
#.............##
###'####......#
##...###.####.#
##8...8##.# #


There were no monsters in sight!

Vanquished Creatures
  2 dart slugs (D:1)
  6 ball pythons (D:1)
  An endoplasm (D:1)
  A giant cockroach (D:1)
  3 hobgoblins (D:1)
  2 kobolds (D:1)
  2 quokkas (D:1)
  5 bats
  A frilled lizard (D:2)
  2 goblins (D:1)
  3 rats (D:1)
28 creatures vanquished.

Notes
Turn   | Place    | Note
-------+----------+-------------------------------------------
     0 | D:1      | bearlyready the Troll Berserker began the quest for the
                  | Orb.
     0 | D:1      | Reached XP level 1. HP: 22/22 MP: 0/0
    99 | D:1      | Reached XP level 2. HP: 29/29 MP: 1/1
   383 | D:1      | Reached XP level 3. HP: 35/37 MP: 2/2
   502 | D:2      | Reached ** piety under Trog
   523 | D:2      | Noticed Sigmund
   533 | D:2      | Slain by Sigmund

Illustrated notes

Levels and vault maps discovered:
D:1:      giann_wishing_wells, layout_rooms, hangedman_feature_mirror,
          st_stairs_4, minmay_pentomino_t2
D:2:      minmay_wonky_spiral, layout_basic, serial_forest,
          infiniplex_forest_zigzag_1, infiniplex_forest_zigzag_2,
          infiniplex_forest_lined_3, infiniplex_forest_lined_ring,
          infiniplex_forest_lined_ring, infiniplex_forest_clump_large,
          grunt_ministairs_7, uniq_sigmund

Skill      XL: |  1  2 |
---------------+-------+-----
Fighting       | 3 |  3.0
Dodging        | |  2.4
Unarmed Combat | |  3.7

Action                     || total
---------------------------++-------
  Melee: Unarmed           ||    57
         Punch             ||     1
   Stab: Sleeping          ||     1
 Armour: Animal skin       ||    30
  Dodge: Dodged            ||    32
